 Dungeon Crawl Stone Soup version 0.28.0-62-gf88900778d (webtiles) character file.

Game seed: 9036934574243356344

75 cbfl8 the Skirmisher (level 4, 0/35 HPs)
             Began as a Demonspawn Fighter on July 1, 2023.
             Killed from afar by Natasha (7 damage)
             ... with a magic dart
             ... on level 3 of the Dungeon.
             The game lasted 00:01:23 (1484 turns).

cbfl8 the Skirmisher (Demonspawn Fighter)           Turns: 1484, Time: 00:01:24

Health: 0/35       AC:  6    Str: 16    XL:     4   Next: 11%
Magic:  4/4        EV:  9    Int: 10    God:
Gold:   96         SH:  4    Dex: 14    Spells: 3/3 levels left

rFire   . . .      SeeInvis .   a - +0 war axe
rCold   . . .      Faith    .   c - +0 buckler
rNeg    . . .      Spirit   .   b - +0 scale mail
rPois   .          Reflect  .   (no helmet)
rElec   .          Harm     .   (no cloak)
rCorr   .          Rampage  .   (no gloves)
Will    .....                   (no boots)
Stlth   ..........              e - amulet of regeneration
HPRegen 0.91/turn               (no ring)
MPRegen 0.09/turn               (no ring)

@: slowed, very slow
A: spiny 1, demonic magic 1, demonic touch 1
a: no special abilities


You were on level 3 of the Dungeon.
You visited 1 branch of the dungeon, and saw 3 of its levels.

You collected 96 gold pieces.

Inventory:

Hand Weapons
 a - a +0 war axe (weapon)
Armour
 b - a +0 scale mail (worn)
 c - a +0 buckler (worn)
Jewellery
 e - an amulet of regeneration (around neck)
Scrolls
 k - 2 scrolls of teleportation {unknown}
 l - a scroll of enchant weapon {unknown}
Potions
 d - a potion of might
 f - a potion of curing
 h - a potion of flight {unknown}
 i - a potion of lignification {unknown}


   Skills:
 + Level 3.2 Fighting
 + Level 2.9 Axes
 + Level 2.9 Armour
 + Level 0.8 Dodging
 + Level 2.8 Shields
 * Level 1.5 Evocations


You had 3 spell levels left.
You didn't know any spells.
Your spell library contained the following spells:

 Spells                   Type           Power      Damage    Failure   Level
 Portal Projectile        Hex/Tloc       0%         N/A       99%         3
 Blade Hands              Tmut           0%         N/A       100%        5
 Excruciating Wounds      Necr           0%         N/A       100%        5


Dungeon Overview and Level Annotations

Branches:
Dungeon (3/15)

Altars:
Gozag
Sif Muna

Annotations:
D:3 Natasha


Innate Abilities, Weirdness & Mutations

You are partially covered in sharp spines.
Spells you cast may paralyse adjacent enemies.
Your touch may inflict minor irresistible damage on your foes.


Message History

Natasha is nearby!
Natasha mewls in sadness.
Natasha is nearby!
Natasha stares at you and mumbles some strange words.
You feel yourself slow down.
Natasha is nearby!
You barely miss Natasha.
Natasha howls an incantation.
Natasha's front paws start to glow.
Natasha claws you! Natasha casts a spell at you. You resist with some effort.
You hit Natasha but do no damage. Natasha claws you. Natasha claws you!
You are too injured to fight recklessly!
You are too injured to fight recklessly!
Sorry, you're not good enough to have a special ability.
You hit Natasha.
Natasha is heavily wounded.
Natasha is struck by your spines. Natasha claws you.
Natasha casts a spell at you. You resist with some effort.
Natasha hisses.
Natasha drinks a potion.
Natasha is healed!
You miss Natasha.
Natasha is moderately wounded.
Natasha is struck by your spines. Natasha claws you!
* * * LOW HITPOINT WARNING * * *
Natasha mewls in sadness.
Natasha is struck by your spines. Natasha claws you.
* * * LOW HITPOINT WARNING * * *
You barely miss Natasha.
Natasha is heavily wounded.
Natasha drinks a potion.
Natasha is healed!
Natasha barely misses you.
You hit Natasha.
Natasha is moderately wounded.
You block Natasha's attack.
Natasha extends her claws.
Natasha casts a spell at you. The magic dart hits you!
You die...

.# .. ##.## ...#
#..# #..# #.h#
#.@# ######..#
........#
.######.########
#...........(...
..#####.########
#.# #.# #.
.########.#


You could see Natasha.

Vanquished Creatures
  2 adders (D:2)
  2 worms (D:2)
  A dart slug (D:1)
  7 ball pythons
  An endoplasm (D:2)
  2 giant cockroaches (D:1)
  6 goblins
  4 hobgoblins
  A quokka (D:1)
  6 bats
  2 frilled lizards (D:1)
  9 kobolds
  A rat (D:1)
44 creatures vanquished.

Notes
Turn   | Place    | Note
-------+----------+-------------------------------------------
     0 | D:1      | cbfl8 the Demonspawn Fighter began the quest for the Orb.
     0 | D:1      | Reached XP level 1. HP: 18/18 MP: 1/1
   275 | D:1      | Gained mutation: You are partially covered in sharp spines.
                  | [demonic ancestry]
   275 | D:1      | Reached XP level 2. HP: 24/24 MP: 2/2
   333 | D:1      | Reached skill level 1 in Evocations
   653 | D:1      | Found a faded altar of an unknown god.
   857 | D:1      | Gained mutation: Your touch may inflict minor irresistible
                  | damage on your foes. [demonic ancestry]
   857 | D:1      | Reached XP level 3. HP: 29/29 MP: 3/3
  1077 | D:2      | Found an opulent altar of Gozag.
  1341 | D:2      | Gained mutation: Spells you cast may paralyse adjacent
                  | enemies. [demonic ancestry]
  1341 | D:2      | Reached XP level 4. HP: 35/35 MP: 4/4
  1434 | D:3      | Found a shimmering blue altar of Sif Muna.
  1475 | D:3      | Noticed Natasha
  1484 | D:3      | Killed from afar by Natasha

Illustrated notes

Levels and vault maps discovered:
D:1:      minmay_arrival_five_plusses, layout_loops_corners,
          shapermc_ecumenical_altar_acropolis
D:2:      layout_basic, basic_altar
D:3:      layout_loops_ring, mainiacjoe_overflow_catwalk, uniq_natasha

Skill      XL: |  1  2 |
---------------+-------+-----
Evocations     | 1 |  1.5
Axes           | 2 |  2.9
Fighting       | |  3.2
Armour         | |  2.9
Dodging        | |  0.8
Shields        | |  2.8

Action                   |  1- 3 |  4- 6 || total
-------------------------+-------+-------++-------
Melee: War axe           |    91 |     8 ||    99
  Use: Scroll            |     3 |       ||     3
Armor: Scale mail        |    49 |       ||    49
Dodge: Dodged            |    32 |     4 ||    36
Block: Buckler           |    22 |     1 ||    23
